 Dungeon Crawl Stone Soup version 0.30.1-4-g462c640d31 (webtiles) character file.

Game seed: 11802220450111821979

12096 arthad the Protected (level 11, -7/83 HPs)
             Began as a Gnoll Wanderer on Aug 30, 2023.
             Was an Initiate of Gozag.
             Mangled by a yak (9 damage)
             ... on level 9 of the Dungeon.
             The game lasted 00:27:16 (12629 turns).

arthad the Protected (Gnoll Wanderer)              Turns: 12629, Time: 00:27:17

Health: -7/83      AC:  5    Str: 12    XL:     11   Next: 88%
Magic:  3/22       EV: 18    Int: 16    God:    Gozag
Gold:   1717       SH:  5    Dex: 11    Spells: 14/25 levels left

rFire   . . .        a - +1 quarterstaff (flame)
rCold   . . .        (shield currently unavailable)
rNeg    . . .        J - +0 leather armour {Will+}
rPois   .            (no helmet)
rElec   .            (no cloak)
rCorr   .            d - +0 pair of gloves
SInv    +            (no boots)
Will    +....        q - amulet of reflection
Stlth   +++          y - +5 ring of evasion
HPRegen 0.33/turn    n - ring of see invisible
MPRegen 0.18/turn

%: reflection
@: gold aura, attractive
A: fangs 1, strong nose, distributed training, teleportitis 1
a: Renounce Religion, Potion Petition, Call Merchant, Bribe Branch


You were on level 9 of the Dungeon.
You worshipped Gozag.
Gozag was most pleased with you.
You visited 1 branch of the dungeon, and saw 9 of its levels.
You also visited: Ossuary and Bailey.

You collected 1834 gold pieces.
You paid 117 gold pieces to Gozag.

Inventory:

Hand Weapons
 a - a +1 quarterstaff of flaming (weapon)
 B - a +1 halberd of flaming
 Q - a +3 war axe
 R - a +2 morningstar of holy wrath
 X - a +5 morningstar
 Y - a +4 scimitar of flaming
Missiles
 i - 7 javelins
 j - 15 poisoned darts
 u - 11 boomerangs
 T - 3 silver boomerangs
 W - 2 curare-tipped darts
Armour
 b - a +0 scale mail
 d - a +0 pair of gloves (worn)
 h - a +0 leather armour
 J - a +0 leather armour of willpower (worn)
 O - a +0 crystal plate armour
Magical Staves
 k - a staff of earth
Jewellery
 f - a ring of protection from cold
 n - a ring of see invisible (right hand)
 q - an amulet of reflection (around neck)
 y - a +5 ring of evasion (left hand)
 z - a ring of positive energy
Wands
 g - a wand of polymorph (13)
 F - a wand of iceblast (10)
 P - a wand of mindburst (21)
 U - a wand of charming (11)
Scrolls
 e - 3 scrolls of teleportation
 l - 7 scrolls of fear
 o - a scroll of torment
 p - 2 scrolls of immolation
 t - 5 scrolls of enchant armour
 D - 2 scrolls of fog
 E - 2 scrolls of poison
 H - 5 scrolls of enchant weapon
 M - a scroll of noise
 N - a scroll of brand weapon
 S - a scroll of magic mapping
Potions
 c - 3 potions of attraction
 m - 7 potions of curing
 r - 2 potions of invisibility
 s - 4 potions of might
 v - 3 potions of haste {unknown}
 w - a potion of ambrosia {unknown}
 x - a potion of resistance {unknown}
 A - 11 potions of heal wounds
 C - 3 potions of cancellation {unknown}
 G - a potion of lignification {unknown}
 I - a potion of magic {unknown}
 K - 2 potions of brilliance {unknown}
 L - a potion of mutation {unknown}
 V - 2 potions of degeneration {unknown}
Miscellaneous
 Z - a piece from Xom's chessboard (15/15)


   Skills:
 + Level 6.9 Fighting
 + Level 6.9 Short Blades
 + Level 6.9 Long Blades
 + Level 6.9 Axes
 + Level 6.9 Maces & Flails
 + Level 6.9 Polearms
 + Level 8.4 Staves
 + Level 6.9 Ranged Weapons
 + Level 6.9 Throwing
 + Level 9.6 Armour
 + Level 6.9 Dodging
 + Level 6.9 Stealth
 + Level 6.9 Shields
 + Level 6.9 Unarmed Combat
 + Level 7.5 Spellcasting
 + Level 5.7 Conjurations
 + Level 5.7 Hexes
 + Level 5.7 Summonings
 + Level 5.7 Necromancy
 + Level 5.7 Translocations
 + Level 5.7 Transmutations
 + Level 9.2 Fire Magic
 + Level 5.7 Ice Magic
 + Level 5.7 Air Magic
 + Level 5.7 Earth Magic
 + Level 5.7 Poison Magic
 + Level 7.6 Invocations
 + Level 6.9 Evocations


You had 14 spell levels left.
You knew the following spells:

 Your Spells              Type           Power      Damage    Failure   Level
a - Foxfire               Conj/Fire      100%       2x1d9     1%          1
b - Ignite Poison         Fire/Tmut/Pois 28%        N/A       2%          3
c - Flame Wave            Conj/Fire      30%        2d9       6%          4
d - Tukima's Dance        Hex            24%        N/A       4%          3

Your spell library contained the following spells:

 Spells                   Type           Power      Damage    Failure   Level
 Apportation              Tloc           48%        N/A       1%          1
 Kiss of Death            Conj/Necr      96%        2d12      1%          1
 Static Discharge         Conj/Air       48%        2-4/arc   1%          2
 Confusing Touch          Hex            24%        N/A       4%          3
 Portal Projectile        Hex/Tloc       48%        N/A       4%          3
 Airstrike                Air            12%        2d(2-18)  13%         4
 Dispel Undead            Necr           24%        3d12      13%         4
 Summon Lightning Spire   Summ/Air       24%        N/A       13%         4
 Alistair's Intoxication  Tmut/Pois      16%        N/A       36%         5
 Blade Hands              Tmut           12%        N/A       36%         5


Dungeon Overview and Level Annotations

Branches:
Dungeon (9/15)             Temple (0/1) D:6            Lair (0/5) D:9
Ossuary (visited)          Bailey (visited)
    Orc: D:9-12

Altars:
Gozag
Kikubaaqudgha
Trog

Shops:
D:4 *


Innate Abilities, Weirdness & Mutations

You have very sharp teeth.
Your uncanny sense of smell can sniff out nearby items.
Your experience applies equally to all skills.
You are occasionally teleported next to monsters.


Message History

The yak is no longer distracted by gold.
The yak gores you!
* * * LOW HITPOINT WARNING * * *
The yak is distracted by your dazzling golden aura.
The yak closely misses you.
The yak bellows!
A wave of flame ripples out!
The flame wave engulfs the yak!
The yak is severely wounded.
The flame wave engulfs the yak.
The yak is heavily wounded.
The flame wave engulfs the yak!
The yak is heavily wounded.
The yak is no longer distracted by gold.
You finish channelling waves of flame.
The yak is distracted by your dazzling golden aura. x2
A yak comes into view.
Casting: Flame Wave (dangerous; 6% risk of failure)
Confirm with . or Enter, or press ? or * to list all spells.
Casting: Flame Wave (dangerous; 6% risk of failure)
Press: ? - help, Dir - look around, f - activate A wave of flame ripples out!
The flame wave engulfs the yak!
The yak is almost dead.
The yak is no longer distracted by gold.
The yak bellows!
The flame wave engulfs the yak!
The yak is severely wounded. (Press . to intensify the flame waves.)
The yak bellows!
The yak gores you!
* * * LOW HITPOINT WARNING * * *
A wave of flame ripples out!
The flame wave engulfs the yak!
You kill the yak!
The flame wave engulfs the yak!
The yak is severely wounded.
The flame wave engulfs the yak.
The yak is heavily wounded.
The yak is no longer distracted by gold.
The yak gores you!
You die...
Your body crumbles into a pile of gold.

# # ## .#
.# Y#
###Y###.#
#.@$....#
#.#.#####
#. .# ..
.# ### .#
.# .# ..


You could see 2 yaks.

Vanquished Creatures
  Erica (D:8)
  A centaur warrior (D:8)
  2 two-headed ogres
  3 orc knights (Bailey)
  A deep elf zephyrmancer (D:6)
  An ugly thing (D:8)
  A shining eye (shapeshifter) (D:8)
  Grinder (D:6)
  A wraith (D:8)
  Eustachio (D:6)
  A yak (D:9)
  A steam dragon (D:6)
  A wyvern (D:7)
  2 dancing weapons
  2 water moccasins
  10 orc warriors
  2 sky beasts (D:8)
  4 ice beasts
  An ogre (D:5)
  3 centaurs
  2 kobold brigands (D:8)
  5 bullfrogs
  6 gnoll sergeants
  3 scorpions
  4 water moccasin zombies (Ossuary)
  15 wights
  8 killer bees (D:7)
  2 electric eels (D:9)
  5 howler monkeys
  A vampire bat (D:7)
  16 hounds
  3 jellies
  7 orc priests
  3 gnoll boudas (D:6)
  2 iguanas
  Natasha (D:4)
  A sleepcap (D:6)
  8 orc wizards
  2 mummies (Ossuary)
  28 gnolls
  6 adders
  A shadow imp (D:6)
  2 white imps
  4 adder zombies (Ossuary)
  4 dart slugs
  66 orcs
  3 endoplasms
  3 giant cockroaches
  4 gnoll zombies (Ossuary)
  8 goblins
  7 hobgoblins
  8 jackals
  6 kobolds
  4 quokkas
  5 ball pythons
  9 bats
  2 frilled lizards
  2 goblin zombies (D:5)
  3 hobgoblin zombies (Ossuary)
  9 kobold zombies (Ossuary)
  7 orc zombies (Ossuary)
  10 rats
335 creatures vanquished.

Vanquished Creatures (others)
  A gnoll (D:9)
  1308 foxfires
1309 creatures vanquished.

Grand Total: 1644 creatures vanquished

Notes
Turn   | Place    | Note
-------+----------+-------------------------------------------
     0 | D:1      | arthad the Gnoll Wanderer began the quest for the Orb.
     0 | D:1      | arthad set off with the following items: a +0 quarterstaff,
                  | a +0 scale mail, a potion of attraction; and the following
                  | spell memorised: Foxfire; and the following spells
                  | available to memorise: Ignite Poison, Flame Wave.
     0 | D:1      | Reached XP level 1. HP: 13/13 MP: 4/4
   260 | D:1      | Reached XP level 2. HP: 19/19 MP: 1/5
  1023 | D:2      | Reached XP level 3. HP: 25/25 MP: 5/7
  1302 | D:2      | Found an ancient bone altar of Kikubaaqudgha.
  1369 | D:2      | Found a faded altar of an unknown god.
  1543 | D:3      | Reached skill level 1 in Invocations
  1653 | D:3      | Reached skill level 1 in Fighting
  1653 | D:3      | Reached skill level 1 in Short Blades
  1653 | D:3      | Reached skill level 1 in Long Blades
  1653 | D:3      | Reached skill level 1 in Axes
  1653 | D:3      | Reached skill level 1 in Maces & Flails
  1653 | D:3      | Reached skill level 1 in Polearms
  1653 | D:3      | Reached skill level 1 in Ranged Weapons
  1653 | D:3      | Reached skill level 1 in Throwing
  1653 | D:3      | Reached skill level 1 in Dodging
  1653 | D:3      | Reached skill level 1 in Stealth
  1653 | D:3      | Reached skill level 1 in Shields
  1653 | D:3      | Reached skill level 1 in Unarmed Combat
  1653 | D:3      | Reached skill level 1 in Evocations
  1922 | D:3      | Reached XP level 4. HP: 32/32 MP: 6/8
  2577 | D:4      | Reached skill level 1 in Conjurations
  2577 | D:4      | Reached skill level 1 in Hexes
  2577 | D:4      | Reached skill level 1 in Summonings
  2577 | D:4      | Reached skill level 1 in Necromancy
  2577 | D:4      | Reached skill level 1 in Translocations
  2577 | D:4      | Reached skill level 1 in Transmutations
  2577 | D:4      | Reached skill level 1 in Ice Magic
  2577 | D:4      | Reached skill level 1 in Air Magic
  2577 | D:4      | Reached skill level 1 in Earth Magic
  2577 | D:4      | Reached skill level 1 in Poison Magic
  2806 | D:4      | Reached XP level 5. HP: 37/37 MP: 6/9
  3041 | D:4      | Learned a level 3 spell: Ignite Poison
  3046 | D:4      | Learned a level 4 spell: Flame Wave
  3240 | D:4      | Noticed Natasha
  3246 | D:4      | Killed Natasha
  3247 | D:4      | Reached XP level 6. HP: 44/44 MP: 4/11
  3300 | D:4      | Found Haucis's Elemental Accessories.
  3500 | D:4      | Reached skill level 5 in Staves
  3982 | D:5      | Entered Level 5 of the Dungeon
  4105 | D:5      | Found a sand-covered staircase.
  4121 | Ossuary  | Entered an ossuary
  4261 | Ossuary  | Reached XP level 7. HP: 38/50 MP: 12/12
  4724 | D:5      | Reached XP level 8. HP: 58/58 MP: 6/14
  5964 | D:6      | Found an opulent altar of Gozag.
  5970 | D:6      | Found a bloodstained altar of Trog.
  6277 | D:6      | Became a worshipper of Gozag Ym Sagoz the Greedy
  6407 | D:6      | Noticed Grinder
  6511 | D:6      | Killed Grinder
  6512 | D:6      | Reached skill level 5 in Spellcasting
  6512 | D:6      | Reached XP level 9. HP: 37/65 MP: 5/16
  6951 | D:6      | Noticed Eustachio
  6975 | D:6      | Killed Eustachio
  7003 | D:6      | HP: 2/66 [steam dragon/ball of steam (19)]
  7211 | D:6      | Found a staircase to the Ecumenical Temple.
  7364 | D:6      | Learned a level 3 spell: Tukima's Dance
  7455 | D:6      | Reached skill level 5 in Invocations
  8219 | D:6      | Noticed a deep elf zephyrmancer
  8226 | D:6      | Killed a deep elf zephyrmancer
  8227 | D:6      | Reached skill level 5 in Fighting
  8227 | D:6      | Reached skill level 5 in Short Blades
  8227 | D:6      | Reached skill level 5 in Long Blades
  8227 | D:6      | Reached skill level 5 in Axes
  8227 | D:6      | Reached skill level 5 in Maces & Flails
  8227 | D:6      | Reached skill level 5 in Polearms
  8227 | D:6      | Reached skill level 5 in Ranged Weapons
  8227 | D:6      | Reached skill level 5 in Throwing
  8227 | D:6      | Reached skill level 5 in Dodging
  8227 | D:6      | Reached skill level 5 in Stealth
  8227 | D:6      | Reached skill level 5 in Shields
  8227 | D:6      | Reached skill level 5 in Unarmed Combat
  8227 | D:6      | Reached skill level 5 in Evocations
  8227 | D:6      | Reached XP level 10. HP: 68/74 MP: 6/18
  8533 | D:7      | Found a flagged portal.
  8666 | Bailey   | Entered a bailey
  8975 | Bailey   | Noticed an orc knight
  8976 | Bailey   | Noticed an orc knight
  8976 | Bailey   | Noticed an orc knight
  8981 | Bailey   | Killed an orc knight
  8988 | Bailey   | Killed an orc knight
  8988 | Bailey   | Killed an orc knight
  9296 | D:7      | Reached skill level 5 in Conjurations
  9296 | D:7      | Reached skill level 5 in Hexes
  9296 | D:7      | Reached skill level 5 in Summonings
  9296 | D:7      | Reached skill level 5 in Necromancy
  9296 | D:7      | Reached skill level 5 in Translocations
  9296 | D:7      | Reached skill level 5 in Transmutations
  9296 | D:7      | Reached skill level 5 in Ice Magic
  9296 | D:7      | Reached skill level 5 in Air Magic
  9296 | D:7      | Reached skill level 5 in Earth Magic
  9296 | D:7      | Reached skill level 5 in Poison Magic
  9296 | D:7      | Reached XP level 11. HP: 48/81 MP: 1/21
 10669 | D:8      | Noticed a shining eye
 10673 | D:8      | Gained mutation: You are occasionally teleported next to
                  | monsters. [a shining eye]
 10680 | D:8      | Killed a shining eye
 10776 | D:8      | Noticed a two-headed ogre
 11019 | D:8      | Killed a two-headed ogre
 11070 | D:8      | Noticed a centaur warrior
 11223 | D:8      | Killed a centaur warrior
 11523 | D:8      | Noticed a cyan ugly thing
 11535 | D:8      | Killed a cyan ugly thing
 11596 | D:8      | Noticed Erica
 11608 | D:8      | Killed Erica
 12519 | D:9      | Noticed a two-headed ogre
 12533 | D:9      | Killed a two-headed ogre
 12619 | D:9      | Found a staircase to the Lair.
 12628 | D:9      | HP: 2/83 [yak (16)]
 12629 | D:9      | Mangled by a yak

Illustrated notes

Levels and vault maps discovered:
D:1:      dpeg_arrival_windows_large_door, layout_loops_ring
D:2:      layout_basic, basic_altar, shapermc_ecumenical_altar_mp_urbaneastern,
          minmay_crystal_room
D:3:      layout_basic
D:4:      layout_basic, nicolae_elemental_shop, uniq_natasha
D:5:      layout_loops_ring, enter_ossuary_4, kennysheep_diamond
D:6:      layout_cave_pools, nicolae_overflow_squiral,
          minmay_temple_entry_sparse_star, serial_gnoll_camp,
          gnoll_camp_mini_hut, gnoll_camp_mini_hut, gnoll_camp_medium_02,
          gnoll_camp_mini_house, gnoll_camp_mini_hut, gnoll_camp_huts_basic,
          guppyfry_early_elven_hall, uniq_grinder, uniq_eustachio
D:7:      layout_loops_cross, enter_bailey_3, roderic_batcave,
          corexii_corridor_pit
D:8:      cheibrodos_ideogram_h, layout_layer_cave, uniq_erica
D:9:      layout_basic, erik_lair_island

Skill      XL: |  1  2  3  4  5  6  7  8  9 10 11 |
---------------+----------------------------------+-----
Invocations    | 1 2 3 4 5 6 7 |  7.6
Fighting       | 1 2 3 4 5 6 |  6.9
Short Blades   | 1 2 3 4 5 6 |  6.9
Long Blades    | 1 2 3 4 5 6 |  6.9
Axes           | 1 2 3 4 5 6 |  6.9
Maces & Flails | 1 2 3 4 5 6 |  6.9
Polearms       | 1 2 3 4 5 6 |  6.9
Ranged Weapons | 1 2 3 4 5 6 |  6.9
Throwing       | 1 2 3 4 5 6 |  6.9
Dodging        | 1 2 3 4 5 6 |  6.9
Stealth        | 1 2 3 4 5 6 |  6.9
Shields        | 1 2 3 4 5 6 |  6.9
Unarmed Combat | 1 2 3 4 5 6 |  6.9
Evocations     | 1 2 3 4 5 6 |  6.9
Spellcasting   | 3 4 5 6 7 |  7.5
Conjurations   | 1 2 3 4 5 |  5.7
Hexes          | 1 2 3 4 5 |  5.7
Summonings     | 1 2 3 4 5 |  5.7
Necromancy     | 1 2 3 4 5 |  5.7
Translocations | 1 2 3 4 5 |  5.7
Transmutations | 1 2 3 4 5 |  5.7
Ice Magic      | 1 2 3 4 5 |  5.7
Air Magic      | 1 2 3 4 5 |  5.7
Earth Magic    | 1 2 3 4 5 |  5.7
Poison Magic   | 1 2 3 4 5 |  5.7
Staves         | 5 6 7 8 |  8.4
Armour         | 7 8 9 |  9.6
Fire Magic     | 8 9 |  9.2

Action                     |  1- 3 |  4- 6 |  7- 9 | 10-12 || total
---------------------------+-------+-------+-------+-------++-------
  Melee: Quarterstaff      |    17 |    77 |    86 |    35 ||   215
         Bite              |     1 |     8 |     3 |     2 ||    14
  Throw: Dart              |       |       |     3 |     2 ||     5
         Javelin           |       |       |       |     2 ||     2
   Cast: Foxfire           |    62 |    79 |   259 |   335 ||   735
         Flame Wave        |       |       |     9 |    12 ||    21
         Tukima's Dance    |       |       |     1 |     4 ||     5
  Evoke: Wand              |       |       |    11 |     4 ||    15
    Use: Potion            |       |     2 |       |     2 ||     4
         Scroll            |       |     7 |     1 |     8 ||    16
   Stab: Sleeping          |       |     1 |     2 |       ||     3
 Armour: Scale mail        |     6 |       |       |       ||     6
         Leather armour    |     9 |    19 |    19 |     5 ||    52
  Dodge: Dodged            |    17 |    87 |   105 |    79 ||   288
  Block: Other             |       |    21 |    29 |    22 ||    72
         Reflection        |       |       |     1 |     1 ||     2
